 Dungeon Crawl Stone Soup version 0.31-a0-174-g85c54bcb58 (webtiles) character file.

Game seed: 15562697136395826306

17537 Zonian the Covert (level 12, -5/69 HPs)
             Began as a Vine Stalker Gladiator on June 12, 2023.
             Was a Believer of Ashenzari.
             Slain by a blink frog (11 damage)
             ... on level 3 of the Lair of Beasts on June 16, 2023.
             The game lasted 00:31:15 (12369 turns).

Zonian the Covert (Vine Stalker Gladiator)         Turns: 12369, Time: 00:31:16

Health: -5/69      AC: 15    Str: 24    XL:     12   Next: 49%
Magic:  0/22       EV: 13    Int:  8    God:    Ashenzari [**....]
Gold:   1075       SH:  0    Dex: 17    Spells: 11/11 levels left

rFire   . .          .
                       - Unarmed
rCold   + . .        (no shield)
rNeg    . . .        G - +2 leather armour of Patience {rC+ Str+3}
rPois   .            b - +0 helmet "Tethered Yoke" {Comp, Bglg} (curse)
rElec   .            t - +1 cloak of Ashenzari's Atheism {Melee, Range} (curse)
rCorr   .            i - +2 pair of gloves of the Lashed Gloom {Melee, Evo} (curse)
SInv    +            (no boots)
Will    +....        (no amulet)
Stlth   ++++++       C - ring of magical power
HPRegen 1.11/turn    J - ring "Cryptic Ordeal" {AC+4, Evo, Elem} (curse)
MPRegen 0.18/turn

%: guardian spirit
@: hasted, very quick
A: fangs 3, regeneration 1, magic shield, antimagic bite, no potion heal 2
a: Renounce Religion, Shatter the Chains


You were on level 3 of the Lair of Beasts.
You worshipped Ashenzari.
Ashenzari was pleased with you.
You visited 3 branches of the dungeon, and saw 13 of its levels.

You collected 1509 gold pieces.
You spent 434 gold pieces at shops.

Inventory:

Hand Weapons
 c - a +5 long sword
Missiles
 d - 4 javelins
 g - 18 poisoned darts
 q - 4 boomerangs
Armour
 a - the +1 leather armour of the Farmer {rElec Stlth+}
   (You found it on level 2 of the Lair of Beasts)

   rElec:     It insulates you from electricity.
   Stlth:     It makes you more stealthy.
 b - the cursed +0 helmet "Tethered Yoke" (worn) {Comp, Bglg}

   It has a curse which improves the following skills: Companions: Summonings
   and Necromancy.
   Beguiling: Conjurations, Hexes and Translocations.
 i - the cursed +2 pair of gloves of the Lashed Gloom (worn) {Melee, Evo}
   (You found it on level 5 of the Dungeon)

   It has a curse which improves the following skills: Melee Combat: Short
   Blades, Long Blades, Axes, Maces & Flails, Polearms, Staves and Unarmed
   Combat.
   Evocations: Evocations.
 t - the cursed +1 cloak of Ashenzari's Atheism (worn) {Melee, Range}
   (You found it on level 5 of the Dungeon)

   It has a curse which improves the following skills: Melee Combat: Short
   Blades, Long Blades, Axes, Maces & Flails, Polearms, Staves and Unarmed
   Combat.
   Ranged Combat: Ranged Weapons and Throwing.
 G - the +2 leather armour of Patience (worn) {rC+ Str+3}
   (You bought it in a shop on level 9 of the Dungeon)

   Str:       It affects your strength (+3).
   rC:        It protects you from cold.
Jewellery
 o - a ring of see invisible
 C - a ring of magical power (left hand)
 H - a ring of protection from cold
 J - the cursed ring "Cryptic Ordeal" (right hand) {AC+4, Evo, Elem}
   (You found it on level 1 of the Lair of Beasts)

   [ring of protection]

   AC:        It affects your AC (+4).
   It has a curse which improves the following skills: Evocations: Evocations.
   Elements:  Fire Magic, Ice Magic, Air Magic and Earth Magic.
Wands
 r - a wand of flame (13)
 w - a wand of roots (1)
 E - a wand of digging (4)
 L - a wand of mindburst (4)
Scrolls
 k - 2 scrolls of enchant armour
 p - 2 scrolls of revelation
 u - a scroll of fog
 y - a scroll of silence
 K - a scroll of poison
 M - 2 scrolls of teleportation
Potions
 e - 3 potions of enlightenment
 f - a potion of ambrosia
 h - 2 potions of lignification
 m - 3 potions of mutation
 v - 2 potions of haste
 x - a potion of degeneration
 z - a potion of cancellation
 A - 3 potions of might


   Skills:
 + Level 10.9 Fighting
 - Level 2.9(3.9) Throwing
 - Level 3.3 Dodging
 + Level 14.2 Stealth
 + Level 11.9(13.6) Unarmed Combat
 + Level 1.6(2.8) Evocations


You had 11 spell levels left.
You didn't know any spells.
Your spell library contained the following spells:

 Spells                   Type           Power      Damage    Failure   Level
 Slow                     Hex            0%         N/A       43%         1
 Call Imp                 Summ           0%         N/A       58%         2
 Ensorcelled Hibernation  Hex/Ice        0%         N/A       58%         2
 Poisonous Vapours        Pois/Air       0%         N/A       58%         2
 Confusing Touch          Hex            0%         N/A       82%         3
 Vampiric Draining        Necr           0%         2d6       82%         3
 Spider Form              Tmut/Pois      0%         N/A       83%         3
 Anguish                  Hex/Necr       0%         N/A       99%         4


Dungeon Overview and Level Annotations

Branches:
Dungeon (9/15)             Temple (1/1) D:4            Lair (3/5) D:8
  Swamp (0/4) Lair:2       Spider (0/4) Lair:2
    Orc: D:9-12

Altars:
Ashenzari
Cheibriados
Dithmenos
Elyvilon
Fedhas
Gozag
Hepliaklqana
Kikubaaqudgha
Makhleb
Nemelex Xobeh
Okawaru
Qazlal
Ru
Sif Muna
Trog
Uskayaw
Vehumet
Wu Jian
Yredelemnul
The Shining One

Shops:
D:5 *   D:6 [*   D:9 [

Annotations:
D:3 3 runed translucent doors, Grinder; pokeman's ghost, amateur DEHW
Lair:3 exclusion: oklob plant


Innate Abilities, Weirdness & Mutations

You have razor-sharp teeth.
Your natural rate of healing is unusually fast.
When hurt, damage is shared between your health and your magic reserves.
Your bite disrupts and absorbs the magic of your enemies.
Potions cannot restore your health.


Message History

The torpor snail is moderately wounded.
The blink frog hits you!
* * * LOW HITPOINT WARNING * * *
The blink frog blinks!
The torpor snail bites you but does no damage.
You hit the torpor snail but do no damage.
The torpor snail is moderately wounded.
The blink frog blinks!
The blink frog closely misses you. The torpor snail bites you.
* * * LOW HITPOINT WARNING * * *
The blink frog hits you but does no damage.
Unknown command.
You hit the torpor snail.
You bite the torpor snail, but do no damage.
The torpor snail is moderately wounded.
The blink frog hits you.
* * * LOW HITPOINT WARNING * * *
The torpor snail bites you!
* * * LOW HITPOINT WARNING * * *
Okay, then.
Okay, then.
Okay, then.
Okay, then.
Okay, then.
You feel yourself speed up.
The blink frog blinks!
The torpor snail bites you!
* * * LOW HITPOINT WARNING * * *
You pummel the torpor snail!!
The torpor snail is severely wounded.
The blink frog misses you.
You pummel the torpor snail!!
You kill the torpor snail!
You feel yourself speed up. The blink frog closely misses you.
You hit the blink frog. Your bite misses the blink frog.
The blink frog is almost dead.
The blink frog misses you.
You miss the blink frog. Your bite misses the blink frog.
The blink frog is almost dead.
The blink frog hits you!
You die...

, * * , ~~
~ ~ ### **
#.. ~ ....
#.# ,*
*~#.....#.#
#....P.#F#
* *
##.....#@#
#P.>...#F#
##.....#.#
*
#........#
##.......#
#P......##
##.....<#
#.......##
#........#


You could see 2 blink frogs.

Vanquished Creatures
  2 bog bodies (Lair:2)
  6 elephants (Lair:2)
  2 torpor snails (Lair:3)
  4 black mambas (Lair:1)
  8 cane toads
  5 rime drakes
  3 komodo dragons (Lair:2)
  2 polar bears
  7 blink frogs
  A hornet (D:8)
  Sigmund (D:6)
  9 yaks
  A human (D:7)
  2 basilisks
  2 hogs (D:7)
  A steam dragon (D:7)
  2 swamp worms (Lair:2)
  7 water moccasins
  4 ice beasts
  A sky beast (D:7)
  2 orc warriors
  A black bear (Lair:2)
  10 wolves
  A centaur (D:6)
  6 bullfrogs
  3 scorpions (D:6)
  3 wights
  3 electric eels
  A howler monkey (D:5)
  3 hounds
  A jelly (D:6)
  A gnoll bouda (D:5)
  Terence (D:3)
  6 iguanas
  6 orc wizards
  A sleepcap (D:6)
  Robin (D:3)
  8 adders
  4 gnolls
  A shadow imp (D:8)
  A white imp (D:6)
  An ufetubus (D:6)
  2 worms
  3 dart slugs
  14 orcs
  13 ball pythons
  8 endoplasms
  3 giant cockroaches
  12 hobgoblins
  19 jackals
  6 kobolds
  2 quokkas
  7 bats
  2 frilled lizards
  11 goblins
  3 rats
240 creatures vanquished.

Vanquished Creatures (others)
  A wizard (D:4)
1 creature vanquished.

Grand Total: 241 creatures vanquished

Notes
Turn   | Place    | Note
-------+----------+-------------------------------------------
     0 | D:1      | Zonian the Vine Stalker Gladiator began the quest for the
                  | Orb.
     0 | D:1      | Reached XP level 1. HP: 11/11 MP: 2/2
    72 | D:1      | Reached XP level 2. HP: 15/15 MP: 3/3
   291 | D:1      | Reached XP level 3. HP: 15/18 MP: 4/4
   822 | D:2      | Gained mutation: Your natural rate of healing is unusually
                  | fast. [Vine Stalker growth]
   822 | D:2      | Reached XP level 4. HP: 19/23 MP: 3/5
  1380 | D:3      | Found an iron altar of Okawaru.
  1380 | D:3      | Found a hazy altar of Hepliaklqana.
  1515 | D:3      | Noticed Terence
  1540 | D:3      | Killed Terence
  1541 | D:3      | Reached XP level 5. HP: 18/27 MP: 6/6
  1773 | D:3      | Found a runed translucent gate.
  1774 | D:3      | Found a runed translucent gate.
  1775 | D:3      | Found a runed translucent gate.
  1822 | D:3      | Noticed Robin
  2236 | D:3      | Noticed Grinder
  2282 | D:3      | Paralysed by Grinder for 5 turns
  2393 | D:3      | Noticed pokeman's ghost (amateur DEHW)
  2635 | D:3      | Killed Robin
  3120 | D:4      | Reached skill level 1 in Stealth
  3131 | D:4      | Found a staircase to the Ecumenical Temple.
  3261 | D:4      | Found a bloodstained altar of Trog.
  3263 | D:4      | Noticed a wizard
  3268 | D:4      | Killed a wizard
  3447 | D:5      | Entered Level 5 of the Dungeon
  3447 | D:5      | Noticed a water moccasin
  3449 | D:5      | Reached XP level 6. HP: 32/32 MP: 7/7
  3516 | D:4      | Killed a water moccasin
  3517 | D:4      | Reached skill level 2 in Stealth
  3901 | D:5      | Found Biudgh's Gadget Gallery.
  3912 | D:5      | Bought a wand of roots (5) for 180 gold pieces
  4167 | D:5      | Reached skill level 3 in Stealth
  4167 | D:5      | Reached XP level 7. HP: 37/37 MP: 8/8
  4453 | D:6      | Reached skill level 5 in Unarmed Combat
  4637 | D:5      | Reached skill level 4 in Stealth
  5351 | D:6      | Gained mutation: You have razor-sharp teeth. [Vine Stalker
                  | growth]
  5351 | D:6      | Reached XP level 8. HP: 42/42 MP: 9/9
  5456 | D:6      | Reached skill level 5 in Stealth
  5705 | D:6      | Reached skill level 5 in Fighting
  5776 | D:6      | Found Sudghuw's Antique Armour Shop.
  5780 | D:6      | Noticed Sigmund
  5892 | D:6      | Reached skill level 6 in Stealth
  5966 | D:6      | Killed Sigmund
  6057 | D:6      | Found Nyepezok's Assorted Antiques.
  6062 | D:6      | Bought an emerald potion for 22 gold pieces
  6062 | D:6      | Bought a scroll labelled FAOVUT HAMIPHUI for 25 gold pieces
  6062 | D:6      | Bought a scroll labelled YPHIABB JEINIR for 25 gold pieces
  6406 | D:7      | Reached skill level 7 in Stealth
  6591 | D:7      | Reached XP level 9. HP: 17/48 MP: 3/10
  6835 | D:7      | Got Nabucw's Witchery Continued
  7101 | D:7      | Reached skill level 8 in Stealth
  7406 | D:7      | Reached skill level 9 in Stealth
  7617 | D:7      | Reached XP level 10. HP: 55/55 MP: 11/11
  8353 | D:8      | Reached skill level 10 in Stealth
  8458 | D:8      | Found a staircase to the Lair.
  8685 | Temple   | Entered the Ecumenical Temple
  8822 | Temple   | Became a worshipper of Ashenzari the Shackled
  9026 | D:9      | Found Foecoeli's Antique Armour Emporium.
  9034 | D:9      | Bought a slimy leather armour for 182 gold pieces
  9034 | D:9      | Identified the +2 leather armour of Patience {rC+ Str+3}
                  | (You bought it in a shop on level 9 of the Dungeon)
  9044 | D:9      | Upgraded the game from 0.31-a0-154-g56bf346678 to
                  | 0.31-a0-174-g85c54bcb58
  9495 | Lair:1   | Entered Level 1 of the Lair of Beasts
  9544 | Lair:1   | Noticed a black mamba
  9555 | Lair:1   | Reached skill level 11 in Stealth
  9902 | Lair:1   | Noticed a black mamba
  9940 | Lair:1   | Reached XP level 11. HP: 60/60 MP: 12/12
 10048 | Lair:1   | Reached skill level 10 in Unarmed Combat
 10230 | Lair:1   | Reached skill level 12 in Stealth
 11140 | Lair:2   | Reached * piety under Ashenzari
 11140 | Lair:2   | Identified a scroll of acquirement
 11141 | Lair:2   | Acquired 888 gold pieces
 11231 | Lair:2   | Found a hole to the Spider Nest.
 11292 | Lair:2   | Identified the +1 leather armour of the Farmer {rElec
                  | Stlth+}
 11387 | Lair:2   | Reached skill level 10 in Fighting
 11426 | Lair:2   | Reached skill level 13 in Stealth
 11502 | Lair:2   | Reached XP level 12. HP: 51/68 MP: 13/13
 11601 | Lair:2   | Reached ** piety under Ashenzari
 11761 | Lair:2   | Reached skill level 14 in Stealth
 11761 | Lair:2   | Found a staircase to the Swamp.
 12345 | Lair:3   | Reached skill level 1 in Evocations
 12365 | Lair:3   | HP: 3/69 [torpor snail (5)]
 12369 | Lair:3   | Slain by a blink frog

Illustrated notes

Levels and vault maps discovered:
D:1:      ldierk_walled_garden_2, layout_loops_ring
D:2:      layout_rooms
D:3:      layout_loops_corners, nicolae_overflow_two_pavilions,
          gammafunk_ghost_icy, st_stairs_1, minmay_fractal_squares_5,
          uniq_terence, uniq_robin, uniq_grinder
D:4:      layout_basic, trog_wizard, minmay_temple_entry_mist,
          nicolae_the_louvre
D:5:      layout_cave_pools, nicolae_shop_gadgets
D:6:      minmay_angry_zag, layout_cave_pools, serial_shops, shop,
          nicolae_shop_rolling_square, uniq_sigmund
D:7:      layout_loops_corners, grunt_livestock, kennysheep_big_empty_room,
          nicolae_eternal_life
D:8:      layout_loops_ring, hellmonk_lair_entry_icy
D:9:      layout_layer_cave, erik_orc_4, serial_shops, shop, grunt_tough_drop
Temple:   minmay_crystal_spiral_temple
Lair:1:   beast_lair_carwin_large_1, layout_loops_ring, serial_bayou_pond_a,
          chequers_serial_rivers_micro_b
Lair:2:   layout_regular_city, nicolae_swamp_entry_splash_gauntlet,
          dummy_spider_entry, nicolae_quartered_pool_medium, st_stairs_10
Lair:3:   layout_big_grid, chequers_serial_rivers_large_a,
          kennysheep_snail_temple

Skill      XL: |  1  2  3  4  5  6  7  8  9 10 11 12 |
---------------+-------------------------------------+-----
Fighting       | 2 3 4 6 7 8 10 | 10.9
Throwing       | 2 |  2.9
Dodging        | 3 |  3.3
Unarmed Combat | 4 5 6 8 9 11 | 11.9
Stealth        | 1 3 4 7 9 11 13 14 | 14.2
Evocations     | 1 |  1.6

Action                     |  1- 3 |  4- 6 |  7- 9 | 10-12 || total
---------------------------+-------+-------+-------+-------++-------
  Melee: Unarmed           |    97 |   251 |   254 |   420 ||  1022
         Bite              |    27 |    52 |    86 |   144 ||   309
         Punch             |     3 |     9 |    11 |    19 ||    42
  Throw: Throwing net      |       |     3 |     1 |       ||     4
         Dart              |       |     1 |       |       ||     1
         Javelin           |       |     1 |       |       ||     1
 Invoke: Curse Item        |       |       |       |     4 ||     4
  Evoke: Wand              |       |       |     4 |     8 ||    12
    Use: Scroll            |       |     8 |     5 |     8 ||    21
         Potion            |       |       |     3 |     1 ||     4
   Stab: Sleeping          |     1 |     2 |     6 |    11 ||    20
         Held in net/web   |       |     3 |       |       ||     3
         Distracted        |       |       |       |     3 ||     3
 Armour: Leather armour    |    28 |    54 |    68 |   154 ||   304
  Dodge: Dodged            |    58 |   134 |   137 |   239 ||   568

Table legend: (Time is in decaauts)
 A = Elapsed time spent in this place.
 B = Non-inter-level travel time spent in this place.
 C = Inter-level travel time spent in this place.
 D = Time resting spent in this place.
 E = Time spent auto-exploring this place.
 F = Levels seen in this place.
 G = Mean time per level.
                   A        B        C        D        E       F      G
               +--------+--------+--------+--------+--------+-----+--------+
         Total |  12263 |  11415 |    848 |   2700 |   5874 |  13 |  943.3 |
       Dungeon |   9228 |   8484 |    744 |   2195 |   4405 |   9 | 1025.3 |
        Temple |    213 |    137 |     76 |      0 |    111 |   1 |  213.0 |
          Lair |   2821 |   2794 |     27 |    505 |   1357 |   3 |  940.3 |
               +--------+--------+--------+--------+--------+-----+--------+

Top non-repeatable levels by time:
     D:7: 1797 daAuts
  Lair:1: 1597 daAuts
     D:5: 1381 daAuts
     D:3: 1271 daAuts
     D:6: 1218 daAuts
  Lair:2: 1172 daAuts
     D:8: 1053 daAuts
     D:4: 995 daAuts
     D:1: 756 daAuts
     D:2: 725 daAuts
  Temple: 213 daAuts
  Lair:3: 52 daAuts
     D:9: 29 daAuts
